 Dungeon Sprint DCSS version 0.31-a0-833-gc15d34cb79 (webtiles) character file.

Game seed: 2566518615601791196

137 fozzywoppz the Basher (level 5, -1/35 HPs)
             Began as a Gargoyle Fighter on Sept 25, 2023.
             Slain by a human
             ... wielding a +0 short sword
              (5 damage)
             ... in the Dungeon (Sprint III: "The Ten Rune Challenge").
             The game lasted 00:01:20 (385 turns).

fozzywoppz the Basher (Gargoyle Fighter)             Turns: 385, Time: 00:01:21

Health: -1/35      AC: 11    Str: 20    XL:     5   Next: 20%
Magic:  5/5        EV:  9    Int:  8    God:
Gold:   36         SH:  5    Dex: 11    Spells: 4/4 levels left

rFire   . . .        a - +0 flail
rCold   . . .        c - +0 buckler
rNeg    + . .        b - +0 scale mail
rPois   ∞            (no helmet)
rElec   +            (no cloak)
rCorr   .            (no gloves)
SInv    .            (no boots)
Will    .....        (no amulet) Stlth
                     (no ring)
HPRegen 0.25/turn    (no ring)
MPRegen 0.09/turn

%: no teleportation
@: mighty
A: sickness immunity, AC +4, negative energy resistance 1, electricity
resistance, torment resistance 1, petrification resistance
a: no special abilities


You were in the Dungeon.
You visited 1 branch You collected 36 gold pieces.

Inventory:

Hand Weapons
 a - a +0 flail (weapon)
Armour
 b - a +0 scale mail (worn)
 c - a +0 buckler (worn)
Scrolls
 j - a scroll of blinking
 l - a scroll of poison {unknown}
 m - a scroll of identify {unknown}
 o - a scroll of immolation {unknown}
 p - a scroll of revelation {unknown}
Potions
 e - a potion of curing
 g - a potion of haste
 h - 2 potions of magic
 i - a potion of berserk rage
 k - 4 potions of mutation {unknown}
 n - 5 potions of enlightenment


   Skills:
 - Level 5.0 Fighting
 + Level 8.2 Maces & Flails
 - Level 5.0 Armour
 - Level 5.0 Shields


You had 4 spell levels left.
You didn't know any spells.
Your spell library contained the following spells:

 Spells                   Type           Power      Damage    Failure   Level
 Magic Dart               Conj           0%         1d3       82%         1
 Searing Ray              Conj           0%         2d4       91%         2
 Fulminant Prism          Conj/Hex       0%         3d5       100%        4


Dungeon Overview and Level Annotations

Branches:
Dungeon (1/1)

Altars:
Kikubaaqudgha
Okawaru
Sif Muna
Trog
Uskayaw
Vehumet
Wu Jian


Innate Abilities, Weirdness & Mutations

You are immune to sickness and miasma.
Your stone body is resilient. (AC +4)
You are immune to poison.
You resist negative energy. (rN+)
You are resistant to electric shocks. (rElec)
You are resistant to unholy torment.
You are immune to petrification.


Message History

The human hits you but does no damage.
There is a fountain of clear blue water here.
The human rages.
You block the human's attack. The human attacks as it pursues you!
The human misses you.
There is an open door to the Ecumenical Temple here.
You hit the human.
The human is lightly wounded.
You block the human's attack. The human closely misses you.
You barely miss the human.
The human is lightly wounded.
The human hits you with a +0 short sword!
You closely miss the human.
The human is lightly wounded.
You block the human's attack. The human hits you but does no damage.
You hit the human but do no damage. You block the human's attack.
You miss the human. The human closely misses you.
The human hits you with a +0 short sword.
* * * LOW HITPOINT WARNING * * *
You feel much better.
The human hits you with a +0 short sword.
You closely miss the human.
The human hits you with a +0 short sword.
The human barely misses you.
You closely miss the human. The human barely misses you.
You hit the human but do no damage.
The human hits you with a +0 short sword!
The human closely misses you.
You feel very mighty all of a sudden. The human barely misses you.
You thump the human!
The human is moderately wounded.
The human hits you with a +0 short sword.
* * * LOW HITPOINT WARNING * * *
The human hits you with a +0 short sword.
* * * LOW HITPOINT WARNING * * *
You miss the human.
The human is moderately wounded.
The human hits you with a +0 short sword.
You die...

▓▓▓▓▓▓▓▓▓▓▓ ▓▓▓ <.#..'....♣♣♣
♣.# ##### ..#..#......♣ ♣♣.#
#___# #'####.....♣♣ ♣..# #__.
.....#....~.♣♣♣..###+#'###+##
.....#...~~.♣♣..@#..........#
.....#..~~~~♣....p.⌠........#
####'#..~≈≈~~~♣♣.#...######+#
[..†.#.~~≈~~~....#.⌠.#
.....#.~≈~~~.....#)..#
.....#.~~~.......#)###
'#####.....÷.....#...#
.................#___#
▓▓▓▓▓▓▓▓▓▓▓▓▓▓▓▓▓▓▓▓▓▓


You could see a human (berserk).

Vanquished Creatures
  A water elemental (D)
  A wizard (D)
  A human (D)
  A kobold demonologist (D)
  A wolf (D)
  2 endoplasms (D)
  2 rats (D)
9 creatures vanquished.

Notes
Turn   | Place    | Note
-------+----------+-------------------------------------------
     0 | D        | fozzywoppz the Gargoyle Fighter began the quest for the
                  | Orb.
     0 | D        | Reached XP level 1. HP: 14/14 MP: 1/1
    67 | D        | Reached skill level 3 in Maces & Flails
    67 | D        | Reached XP level 2. HP: 15/20 MP: 2/2
   103 | D        | Reached XP level 3. HP: 9/25 MP: 3/3
   195 | D        | Noticed a water elemental
   205 | D        | Killed a water elemental
   206 | D        | Reached skill level 5 in Fighting
   206 | D        | Reached skill level 6 in Maces & Flails
   206 | D        | Reached skill level 5 in Armour
   206 | D        | Reached skill level 5 in Shields
   206 | D        | Reached XP level 4. HP: 15/31 MP: 4/4
   274 | D        | Found a radiant altar of Vehumet.
   274 | D        | Found a shimmering blue altar of Sif Muna.
   274 | D        | Found an ancient bone altar of Kikubaaqudgha.
   274 | D        | Noticed a wizard
   283 | D        | Noticed a rust devil
   288 | D        | Reached skill level 7 in Maces & Flails
   289 | D        | Killed a wizard
   290 | D        | Reached skill level 8 in Maces & Flails
   290 | D        | Reached XP level 5. HP: 18/35 MP: 5/5
   363 | D        | Found a hide-covered altar of Uskayaw.
   363 | D        | Found an iron altar of Okawaru.
   363 | D        | Found a bloodstained altar of Trog.
   363 | D        | Found an ornate altar of the Wu Jian Council.
   363 | D        | Noticed a human
   364 | D        | Noticed a human
   385 | D        | Slain by a human

Illustrated notes

Levels and vault maps discovered:
D:        dungeon_sprint_mu [sprint_mu_entry_forest, sprint_mu_temple_rooms,
          sprint_mu_d1_horrors, sprint_mu_d2_genie, sprint_mu_d3_branching,
          sprint_mu_orc_legion, sprint_mu_elf_gauntlet, sprint_mu_hive_nellie,
          sprint_mu_lair_fedhas, sprint_mu_vaults_butterflies,
          sprint_mu_slime_circle, sprint_mu_swamp_cave, sprint_mu_snake_twists,
          sprint_mu_blade_basic, sprint_mu_crypt_lich, sprint_mu_tomb_spiral,
          sprint_mu_vestibule_basic, sprint_mu_gehenna_hellfire,
          sprint_mu_dis_giant, sprint_mu_tartarus_statrot,
          sprint_mu_cocytus_islands, sprint_mu_zot1]

Skill      XL: |  1  2  3  4 |
---------------+-------------+-----
Fighting       | 4 5 |  5.0
Maces & Flails | 3 6 8 |  8.2
Armour         | 4 5 |  5.0
Shields        | 4 5 |  5.0

Action                     |  1- 3 |  4- 6 || total
---------------------------+-------+-------++-------
  Melee: Flail             |    40 |    26 ||    66
    Use: Potion            |       |     2 ||     2
 Armour: Scale mail        |    24 |    22 ||    46
  Dodge: Dodged            |    25 |    16 ||    41
  Block: Buckler           |     9 |     6 ||    15

Table legend: (Time is in decaauts)
 A = Elapsed time spent in this place.
 B = Non-inter-level travel time spent in this place.
 C = Inter-level travel time spent in this place.
 D = Time resting spent in this place.
 E = Time spent auto-exploring this place.
 F = Levels seen in this place.
 G = Mean time per level.
                   A        B        C        D        E       F      G
               +--------+--------+--------+--------+--------+-----+--------+
         Total |    400 |    400 |      0 |    207 |     34 |   1 |  400.0 |
       Dungeon |    400 |    400 |      0 |    207 |     34 |   1 |  400.0 |
               +--------+--------+--------+--------+--------+-----+--------+

Top non-repeatable levels by time:
       D: 400 daAuts
